 Dungeon Crawl Stone Soup version 0.28.0-45-g0d030f2227 (webtiles) character file.

Game seed: 9310872280412482886

172 protoss039 the Cudgeller (level 5, 0/49 HPs)
             Began as a Gargoyle Gladiator on Apr 10, 2022.
             Slain by an orc
             ... wielding a +0 short sword
              (3 damage)
             ... on level 3 of the Dungeon.
             The game lasted 00:04:07 (2492 turns).

protoss039 the Cudgeller (Gargoyle Gladiator)       Turns: 2492, Time: 00:04:07

Health: 0/49       AC: 10    Str: 26    XL:     5   Next: 53%
Magic:  5/5        EV: 11    Int:  8    God:
Gold:   81         SH:  0    Dex: 11    Spells: 4/4 levels left

rFire   . . .      SeeInvis .   a - +0 flail
rCold   . . .      Faith    .   (no shield)
rNeg    + . .      Spirit   .   i - +0 ring mail
rPois   ∞          Reflect  .   c - +0 helmet
rElec   +          Harm     .   (no cloak)
rCorr   .          Rampage  .   (no gloves)
Will    .....                   (no boots)
Stlth   ..........              (no amulet)
HPRegen 0.16/turn               f - +6 ring of strength
MPRegen 0.09/turn               (no ring)

@: confused, mighty, berserking, very quick
A: sickness immunity, AC +4, negative energy resistance 1, electricity
resistance, torment resistance 1, petrification resistance
a: no special abilities


You were on level 3 of the Dungeon.
You visited 1 branch of the dungeon, and saw 3 of its levels.

You collected 81 gold pieces.

Inventory:

Hand Weapons
 a - a +0 flail (weapon)
 l - a +1 dagger of flaming
Missiles
 d - 3 throwing nets (quivered)
Armour
 c - a +0 helmet (worn)
 i - a +0 ring mail (worn)
Jewellery
 f - a +6 ring of strength (left hand)
Scrolls
 b - a scroll of immolation {unknown}
 g - a scroll of teleportation {unknown}
 j - a scroll of fear {unknown}
 k - a scroll of fog {unknown}


   Skills:
 + Level 3.7 Fighting
 + Level 4.1 Maces & Flails
 - Level 2.0 Throwing
 + Level 2.3 Armour
 - Level 3.0 Dodging


You had 4 spell levels left.
You didn't know any spells.
Your spell library contained the following spells:

 Spells                   Type           Power      Damage    Failure   Level
 Ozocubu's Armour         Ice            0%         N/A       89%         3
 Summon Guardian Golem    Hex/Summ       0%         N/A       89%         3
 Orb of Destruction       Conj           0%         9d5       100%        7
 Ozocubu's Refrigeration  Ice            0%         4d5       100%        7
 Spellforged Servitor     Conj/Summ      0%         N/A       100%        7


Dungeon Overview and Level Annotations

Branches:
Dungeon (3/15)

Altars:

Shops:
D:1 *


Innate Abilities, Weirdness & Mutations

You are immune to sickness and miasma.
Your stone body is resilient. (AC +4)
You are immune to poison.
You resist negative energy. (rN+)
You are resistant to electric shocks. (rElec)
You are resistant to unholy torment.
You are immune to petrification.


Message History

You completely miss something. Your punch misses something.
The orc hits you with a +0 morningstar!
* * * LOW HITPOINT WARNING * * *
Something hits you.
* * * LOW HITPOINT WARNING * * *
The orc closely misses you.
Unknown command.
You bump into the rock wall.
You feel less confused. Something hits you but does no damage.
The orc hits you with a +0 morningstar!
* * * LOW HITPOINT WARNING * * *
Unknown command.
It was a potion of berserk rage.
A red film seems to cover your vision as you go berserk!
You feel yourself moving faster!
You feel mighty! Something hits you but does no damage.
The orc closely misses you.
Unknown command.
Unknown command.
You miss something.
You hear some strange, mumbled words.
Something tries to affect you, but you resist.
Unknown command.
You thump the orc!
You kill the orc!
Unknown command.
You barely miss the orc. Something hits you but does no damage.
Unknown command.
You barely miss something. The orc closely misses you.
Something hits you but does no damage.
Unknown command.
You sock the orc!
You kill the orc!
You hear some strange, mumbled words.
You are confused.
Unknown command.
You bump into the rock wall.
The orc hits you but does no damage.
Unknown command.
You closely miss the orc. Something hits you but does no damage.
The orc hits you with a +0 short sword.
You die...

.......####
...#...# .......#
#.###### #.# #.#
#.# #############
#.# #...........# #
..#
#.#########@##.##.#
### ##.## #{o....#
#####...# ####..##
##....#.# #...
##.##...# ...
##.###### . ##.#
.#.#####.
.........#


You could see an orc.

Vanquished Creatures
  A necrophage (D:2)
  An orc wizard (D:2)
  A worm (D:2)
  2 dart slugs (D:1)
  6 orcs
  3 endoplasms (D:1)
  3 giant cockroaches
  5 goblins
  4 hobgoblins
  2 quokkas
  A ball python (D:2)
  A bat (D:2)
  3 frilled lizards
  4 kobolds
  6 rats
43 creatures vanquished.

Vanquished Creatures (others)
  A plant (D:1)
  5 withered plants (D:1)
6 creatures vanquished.

Grand Total: 49 creatures vanquished

Notes
Turn   | Place    | Note
-------+----------+-------------------------------------------
     0 | D:1      | protoss039 the Gargoyle Gladiator began the quest for the
                  | Orb.
     0 | D:1      | Reached XP level 1. HP: 12/12 MP: 1/1
   279 | D:1      | Found Keduhotz's Assorted Antiques.
   346 | D:1      | Reached XP level 2. HP: 18/18 MP: 2/2
   551 | D:1      | Found a faded altar of an unknown god.
   838 | D:1      | Reached XP level 3. HP: 22/22 MP: 3/3
  1422 | D:2      | Noticed a necrophage
  1659 | D:2      | Killed a necrophage
  1660 | D:2      | Reached XP level 4. HP: 17/28 MP: 4/4
  1660 | D:2      | Reached XP level 5. HP: 20/32 MP: 5/5
  2349 | D:2      | Reached skill level 4 in Maces & Flails
  2484 | D:3      | HP: 1/33 [orc/+0 morningstar (7)]
  2492 | D:3      | Slain by an orc

Illustrated notes

Levels and vault maps discovered:
D:1:      scummos_arrival_hexagon, layout_basic, serial_shops,
          nicolae_diamond_shop, shapermc_ecumenical_altar_flowoftime
D:2:      layout_loops_ring
D:3:      layout_loops_ring

Skill      XL: |  1  2  3  4  5 |
---------------+----------------+-----
Throwing       | 2 |  2.0
Dodging        | 3 |  3.0
Fighting       | 3 |  3.7
Armour         | 2 |  2.3
Maces & Flails | 4 |  4.1

Action                   |  1- 3 |  4- 6 || total
-------------------------+-------+-------++-------
Melee: Flail             |   120 |    39 ||   159
       Punch             |     2 |       ||     2
       Dagger            |       |     5 ||     5
  Use: Potion            |       |     2 ||     2
Armor: Leather armour    |    22 |       ||    22
       Ring mail         |    20 |    26 ||    46
Dodge: Dodged            |    71 |    24 ||    95
